 Dungeon Crawl Stone Soup version 0.30-a0-953-g5f1da4a474 (webtiles) character file.

Game seed: 18280691583306463699

25 retardedninja the Covered (level 2, -7/26 HPs)
             Began as an Armataur Fighter on Mar 28, 2023.
             Mangled by Sigmund
             ... wielding a +0 scythe
              (8 damage)
             ... on level 2 of the Dungeon.
             The game lasted 00:02:15 (1228 turns).

retardedninja the Covered (Armataur Fighter)        Turns: 1228, Time: 00:02:16

Health: -7/26      AC:  7    Str: 21    XL:     2   Next: 82%
Magic:  2/2        EV:  7    Int:  8    God:
Gold:   54         SH:  4    Dex:  9    Spells: 1/1 levels left

rFire   . . .      SeeInvis .    a - +0 war axe
rCold   . . .      Faith    .    c - +0 buckler
rNeg    . . .      Spirit   .    b - +0 scale mail
rPois   .          Reflect  .    (no helmet)
rElec   .          Roll     +    (no cloak)
rCorr   .                        (no gloves)
Will    .....                    (no barding) Stlth
                                 (no amulet)
HPRegen 0.24/turn                (no ring)
MPRegen 0.08/turn                (no ring)

@: mighty, lethally poisoned (-7 -> -12)
A: large, rugged brown scales 3, deformed body, armoured tail, roll, long
tongue, awkward tongue
a: no special abilities


You were on level 2 of the Dungeon.
You visited 1 branch of the dungeon, and saw 2 of its levels.

You collected 54 gold pieces.

Inventory:

Hand Weapons
 a - a +0 war axe (weapon)
Armour
 b - a +0 scale mail (worn)
 c - a +0 buckler (worn)
Scrolls
 e - 2 scrolls of identify {unknown}
 f - a scroll of fog {unknown}
 g - a scroll of amnesia {unknown}
 j - a scroll of teleportation {unknown}
 k - a scroll of magic mapping {unknown}
 m - a scroll of poison {unknown}
Potions
 h - 2 potions of curing {unknown}
 i - a potion of heal wounds {unknown}
 l - a potion of brilliance {unknown}


   Skills:
 + Level 2.9 Fighting
 + Level 2.0 Axes
 + Level 4.0 Armour
 + Level 3.6 Shields


You had one spell level left.
You didn't know any spells.
Your spell library was empty.

Dungeon Overview and Level Annotations

Branches:
Dungeon (2/15)

Altars:

Annotations:
D:2 Sigmund


Innate Abilities, Weirdness & Mutations

You are completely covered in rugged brown scales. (AC +3, +7% HP)
Armour fits poorly on your strangely shaped body.
You have a long armoured tail.
You roll when moving toward enemies. (Rampage)
Your long tongue fully drains potion bottles. (2x potion effects)
Your tongue gives you trouble enunciating. (1.5x scroll delay)


Message History

You roll towards the ball python!
Sigmund the Dreaded comes into view.
He is wielding a +0 scythe.
Sigmund shouts!
You block the ball python's attack.
A bat comes into view.
You slash the ball python!
You kill the ball python!
Nothing quivered!
You roll towards the bat!
An adder comes into view.
The adder hisses angrily.
You block the bat's attack.
You hit the bat but do no damage.
Your tail-slap misses the bat.
The bat hits you but does no damage.
Sigmund hits you from afar with a +0 scythe!
You are too injured to fight recklessly!
You are too injured to fight recklessly!
Annotate which branch? (. - D:2, ? - help, ! - show branch list)
Okay, then.
You feel very mighty all of a sudden.
You slurp down every last drop of the potion of might!
The bat hits you but does no damage. x2
Sigmund hits you from afar with a +0 scythe.
You hit the bat.
You kill the bat!
Sigmund barely misses you. The adder barely misses you.
You closely miss the adder.
Your tail-slap misses the adder.
The adder bites you.
Sigmund hits you from afar with a +0 scythe.
You barely miss the adder. The adder barely misses you. x2
Sigmund hits you from afar with a +0 scythe.
* * * LOW HITPOINT WARNING * * *
You hit the adder.
The adder is moderately wounded.
The adder bites you.
* * * LOW HITPOINT WARNING * * *
You are lethally poisoned!
The adder poisons you! The adder closely misses you.
Sigmund hits you from afar with a +0 scythe!
You die...

. #.#... #.....#
#.###.... #.#.#.#
.......... ..
#.....#.##.......#
# .#
#.................
#. ..
#.................
#.##.
#..@.............†
...
#S................
#.##@# #........
#....# ########.
#....# ## #....#
##### #....#
#...#######
#....####...##....#
#...........##....#
#....###....##....#
#....#
#....##....###


You could see Sigmund and an adder.

Vanquished Creatures
  2 ball pythons
  3 bats
  3 endoplasms
  A giant cockroach (D:1)
  3 goblins
  A hobgoblin (D:1)
  2 kobolds (D:1)
  A quokka (D:2)
  7 frilled lizards
  A rat (D:2)
24 creatures vanquished.

Notes
Turn   | Place    | Note
-------+----------+-------------------------------------------
     0 | D:1      | retardedninja the Armataur Fighter began the quest for the
                  | Orb.
     0 | D:1      | Reached XP level 1. HP: 19/19 MP: 1/1
   217 | D:1      | Reached XP level 2. HP: 26/26 MP: 2/2
  1048 | D:2      | Reached skill level 4 in Armour
  1220 | D:2      | Noticed Sigmund
  1228 | D:2      | HP: 1/26 [adder (1)]
  1228 | D:2      | Mangled by Sigmund

Illustrated notes

Levels and vault maps discovered:
D:1:      lemuel_arrival_funnel, layout_basic, kennysheep_doodads,
          minmay_lizard_pond
D:2:      layout_basic, basic_altar, minivault_26, minmay_misc_feat_alley,
          kennysheep_decorative_pillar, uniq_sigmund

Skill      XL: |  1  2 |
---------------+-------+-----
Axes           | 2 |  2.0
Armour         | 4 |  4.0
Fighting       | |  2.9
Shields        | |  3.6

Action                     || total
---------------------------++-------
  Melee: War axe           ||    59
         Tailslap          ||     3
    Use: Potion            ||     1
 Armour: Scale mail        ||    32
  Dodge: Dodged            ||    26
  Block: Buckler           ||    12

Table legend: (Time is in decaauts)
 A = Elapsed time spent in this place.
 B = Non-inter-level travel time spent in this place.
 C = Inter-level travel time spent in this place.
 D = Time resting spent in this place.
 E = Time spent auto-exploring this place.
 F = Levels seen in this place.
 G = Mean time per level.
                   A        B        C        D        E       F      G
               +--------+--------+--------+--------+--------+-----+--------+
         Total |   1252 |   1223 |     29 |      0 |   1049 |   2 |  626.0 |
       Dungeon |   1252 |   1223 |     29 |      0 |   1049 |   2 |  626.0 |
               +--------+--------+--------+--------+--------+-----+--------+

Top non-repeatable levels by time:
     D:1: 865 daAuts
     D:2: 387 daAuts
